Map: Whispers of Gold

Players

VITRyung (Ryung)

  • Race: Terran Terran
  • Spawn Location: 9:00

Serral - Winner!

  • Race: Zerg Zerg
  • League: Master
  • Spawn Location: 5:00

Event: HomeStory Cup XXVI

VOD

Have the link to the VOD?

Description

Time

  • Played on: Nov. 30, 2024, 5:11 p.m.
  • Length: 13:40

All games in this series

Show
View Real Time Build Order
Export as new Build Order

VITRyung Terran 

Build Orders: Reaper Expand, Hellion Banshee 

Get SALT Encoding   

  12  0:00  SCV  
  13  0:12  SCV  
  14  0:17  Supply Depot  
  14  0:24  SCV  
  15  0:39  Barracks, SCV  
  16  0:44  Refinery  
  16  0:51  SCV  
  17  1:03  SCV  
  18  1:15  SCV  
  19  1:28  Reaper, Orbital Command  
  20  1:41  Command Center  
  20  1:50  Supply Depot  
  20  1:54  SCV  
  20  1:59  Marine  
  22  2:06  SCV  
  23  2:13  Factory  
  23  2:18  SCV  
  24  2:22  Barracks Reactor  
  24  2:30  SCV  
  25  2:41  Command Center  
  25  2:43  SCV  
  26  2:54  Orbital Command  
  26  2:55  SCV  
  27  3:02  Starport  
  27  3:07  Refinery, SCV  
  27  3:10  Barracks Tech Lab  
  28  3:16  Hellion  
  28  3:19  Hellion  
  32  3:22  SCV  
  32  3:24  SCV  
  34  3:34  SCV  
  35  3:36  SCV  
  35  3:38  Hellion  
  35  3:41  Hellion  
  40  3:44  Banshee  
  40  3:46  SCV  
  40  3:47  Marine  
  46  3:48  SCV  
  46  3:53  Orbital Command  
  46  3:57  Cloaking Field  
  46  4:00  SCV x2  
  48  4:05  Hellion  
  48  4:07  Hellion  
  52  4:10  Barracks Tech Lab  
  52  4:12  SCV x2  
  54  4:20  SCV  
  54  4:21  Supply Depot  
  55  4:24  SCV  
  55  4:27  Banshee  
  59  4:31  Marine  
  59  4:35  Barracks  
  59  4:36  SCV  
  61  4:39  Factory Reactor  
  61  4:41  Barracks  
  61  4:43  SCV x2  
  63  4:45  Supply Depot  
  63  4:49  Marine  
  63  4:50  Refinery  
  63  4:51  Refinery, SCV  
  63  4:52  Orbital Command  
  65  4:55  SCV  
  66  5:02  Stimpack  
  66  5:06  SCV  
  67  5:07  Engineering Bay, SCV, Marine  
  67  5:08  Engineering Bay  
  67  5:13  Supply Depot  
  69  5:18  SCV  
  70  5:24  SCV x2  
  70  5:25  Marine  
  73  5:30  Barracks, SCV  
  73  5:32  Barracks, Starport Reactor, Siege Tank  
  77  5:36  SCV  
  77  5:37  Marine x4  
  77  5:39  Supply Depot  
  77  5:42  SCV x2  
  84  5:44  Supply Depot  
  84  5:48  Terran Infantry Weapons Level 1, Terran Infantry Armor Level 1, SCV  
  83  5:54  SCV  
  83  5:55  SCV  
  85  5:58  Supply Depot  
  85  6:00  SCV, Marine x3  
  85  6:04  Marine x2  
  89  6:06  SCV  
  89  6:07  SCV  
  89  6:10  Supply Depot  
  93  6:12  Siege Tank, Medivac x2  
  100  6:18  Supply Depot  
  100  6:19  Supply Depot  
  100  6:20  SCV x2  
  100  6:22  Barracks Reactor x2  
  102  6:27  Marine x3  
  102  6:28  Marine x2  
  107  6:35  SCV x3  
  107  6:39  Supply Depot  
  110  6:41  Combat Shield  
  110  6:43  Armory  
  110  6:45  Marine  
  111  6:54  Factory  
  111  6:55  SCV x2  
  111  6:56  Command Center  
  113  7:03  Siege Tank  
  113  7:05  Marine x9  
  125  7:08  Refinery  
  125  7:09  Refinery  
  125  7:20  SCV x3  
  128  7:23  Supply Depot, Marine x4  
  128  7:24  Supply Depot  
  128  7:25  Supply Depot  
  128  7:28  Medivac  
  128  7:29  Medivac  
  133  7:32  Supply Depot  
  133  7:33  Marine x2  
  133  7:34  Marine x2  
  137  7:38  Siege Tank  
  137  7:43  Terran Infantry Weapons Level 2  
  138  7:46  Marine x4  
  142  7:54  Factory Reactor  
  142  7:56  Factory Tech Lab  
  142  7:57  Marine x3  
  142  7:58  Terran Infantry Armor Level 2  
  145  8:03  Barracks  
  145  8:04  Barracks  
  145  8:05  Barracks, Marine x2  
  145  8:06  Marine x2  
  145  8:07  SCV  
  145  8:09  Sensor Tower  
  145  8:10  SCV x2  
  152  8:15  Marine x4  
  152  8:16  Marine  
  158  8:20  SCV  
  158  8:22  SCV  
  158  8:25  SCV  
  160  8:30  Marine x2  
  160  8:31  Marine x2  
  160  8:33  Marine x2  
  167  8:34  SCV  
  167  8:36  Terran Vehicle Weapons Level 1  
  167  8:37  Planetary Fortress  
  167  8:38  SCV  
  167  8:39  Marine  
  168  8:43  Siege Tank, Marine  
  168  8:44  Marine  
  168  8:47  Marine  
  168  8:48  Marine x2  
  175  8:51  Siege Tank  
  174  8:56  Marine  
  174  8:57  Barracks Tech Lab x3  
  174  9:02  SCV x3  
  174  9:10  Liberator  
  174  9:11  Liberator  
  174  9:14  SCV x3  
  174  9:15  Supply Depot  
  174  9:16  Marauder x2  
  187  9:19  Marine x2  
  187  9:22  Marine x2  
  187  9:23  Marine x2  
  184  9:26  SCV x2  
  184  9:27  Siege Tank  
  165  9:36  Siege Tank  
  170  9:38  Marauder  
  170  9:39  Marauder x2  
  170  9:40  Marine  
  170  9:41  Marine  
  176  9:51  Marine x3  
  176  9:52  Marine x2, Concussive Shells  
  181  9:59  Siege Tank, Marine x2  
  186  10:01  Viking x2  
  186  10:08  Supply Depot x2  
  186  10:11  Supply Depot  
  186  10:12  Supply Depot  
  186  10:13  Refinery  
  186  10:14  Refinery  
  186  10:15  Sensor Tower  
  186  10:21  Marauder  
  188  10:24  Ghost Academy  
  188  10:29  Siege Tank, Marauder x2  
  188  10:31  Siege Tank  
  188  10:32  Terran Infantry Weapons Level 3  
  197  10:39  Command Center  
  191  10:45  Marauder  
  191  10:47  Marine x8  
  160  10:54  Marauder x2  
  160  11:01  Siege Tank  
  161  11:08  Marine x4  
  161  11:09  Marine x2  
  160  11:11  Marauder x2  
  160  11:13  Siege Tank  
  162  11:18  Marine x2  
  162  11:22  Marine  
  165  11:26  Marine  
  165  11:28  Marine, Marauder  
  171  11:32  Marauder  
  171  11:35  Siege Tank  
  171  11:37  Marine x3  
  177  11:48  Marine x4  
  177  11:50  Marauder x2  
  182  11:55  Siege Tank  
  182  11:58  Marine x3  
  156  12:03  Marine x2  
  156  12:06  Marine  
  156  12:07  Marine  
  155  12:14  Marine x3  
  159  12:16  Marine, Marauder  
  155  12:24  Siege Tank  
  155  12:27  Siege Tank  
  155  12:29  Marine x3  
  124  12:51  Medivac x2  
  124  12:56  Marauder  
  124  12:57  Marauder  
  132  12:59  Marine  
  132  13:04  Marine  
  132  13:05  Marine x8  
  120  13:17  Marine x3  
Show
View Real Time Build Order
Export as new Build Order

Serral Zerg - Winner!

Build Orders: Hatch First 

Get SALT Encoding   

  12  0:00  Drone  
  13  0:13  Overlord  
  13  0:17  Drone  
  14  0:31  Drone x2  
  16  0:47  Hatchery  
  15  0:51  Drone  
  15  0:55  Drone  
  17  0:58  Drone  
  18  1:10  Extractor  
  17  1:13  Spawning Pool  
  17  1:17  Drone  
  17  1:20  Drone  
  18  1:29  Drone  
  19  1:39  Drone  
  20  1:49  Drone  
  21  1:59  Queen  
  21  2:00  Queen  
  25  2:01  Zergling x4  
  27  2:10  Drone  
  27  2:11  Overlord  
  27  2:14  Metabolic Boost  
  28  2:31  Hatchery  
  28  2:36  Spore Crawler  
  26  2:39  Drone  
  26  2:41  Drone x2  
  26  2:42  Drone  
  31  2:51  Queen  
  31  2:56  Overlord  
  33  2:59  Drone  
  33  3:02  Drone  
  33  3:03  Drone  
  36  3:09  Overlord  
  36  3:14  Drone x3  
  36  3:17  Drone  
  36  3:19  Drone  
  41  3:24  Queen  
  41  3:26  Drone  
  44  3:28  Drone  
  45  3:34  Queen  
  45  3:40  Drone  
  49  3:41  Drone x3  
  49  3:47  Queen  
  53  3:54  Overlord  
  53  3:55  Drone x2  
  55  3:57  Zergling x4  
  57  4:03  Drone  
  57  4:06  Overlord  
  58  4:11  Roach Warren  
  58  4:14  Spore Crawler  
  58  4:16  Drone x3  
  60  4:17  Drone x2  
  60  4:19  Drone x2  
  60  4:23  Overlord  
  64  4:29  Zergling x4  
  64  4:30  Drone x2  
  64  4:31  Drone  
  68  4:33  Lair  
  69  4:38  Zergling x2  
  69  4:40  Zergling x8  
  69  4:44  Drone  
  75  4:45  Drone  
  75  4:50  Drone  
  76  4:54  Drone  
  76  4:55  Drone  
  76  4:57  Spore Crawler  
  76  4:58  Spore Crawler  
  76  5:00  Drone, Spore Crawler  
  76  5:03  Hatchery, Drone, Extractor  
  76  5:06  Spore Crawler  
  73  5:07  Drone x2  
  73  5:10  Drone x2  
  73  5:11  Drone  
  79  5:20  Drone x3, Extractor  
  79  5:21  Overlord  
  81  5:23  Overlord  
  81  5:26  Drone  
  81  5:28  Overlord, Evolution Chamber  
  82  5:29  Evolution Chamber, Drone x2  
  82  5:32  Overseer  
  82  5:34  Overseer  
  82  5:39  Extractor x2  
  82  5:41  Extractor, Queen  
  81  5:44  Zergling x2  
  81  5:45  Zergling x4  
  81  5:46  Drone x6  
  81  5:48  Drone x2  
  92  5:50  Drone x2  
  92  5:52  Drone  
  92  5:53  Glial Reconstitution  
  92  5:56  Drone  
  96  5:59  Drone  
  96  6:03  Drone  
  98  6:05  Overlord, Infestation Pit  
  98  6:08  Drone  
  98  6:09  Drone x2  
  100  6:12  Zerg Missile Weapons Level 1  
  100  6:15  Drone x6  
  106  6:20  Zerg Ground Armor Level 1  
  106  6:21  Drone x2  
  106  6:25  Baneling Nest  
  107  6:26  Drone x2  
  107  6:27  Drone  
  107  6:31  Roach x2  
  107  6:32  Roach  
  116  6:36  Overlord  
  116  6:38  Overlord  
  116  6:39  Overlord  
  116  6:43  Hive  
  116  6:45  Roach x2  
  120  6:50  Overlord  
  120  6:53  Overlord  
  120  6:56  Roach x6  
  120  6:58  Extractor, Spore Crawler  
  130  7:06  Drone  
  130  7:07  Overlord x2  
  131  7:08  Centrifugal Hooks  
  131  7:09  Roach x4  
  139  7:17  Ravager  
  139  7:18  Ravager x2  
  139  7:21  Zergling x18  
  151  7:29  Drone x2  
  152  7:32  Zergling x22  
  163  7:37  Baneling x7  
  163  7:38  Baneling x2  
  163  7:43  Overlord  
  160  7:54  Overlord, Viper x2  
  160  7:55  Hatchery  
  160  7:56  Zergling x2  
  160  7:57  Zergling x4  
  168  8:01  Baneling x5  
  169  8:05  Zergling x16  
  169  8:08  Overlord  
  169  8:09  Overlord x3  
  176  8:14  Zerg Melee Weapons Level 1, Adrenal Glands  
  176  8:15  Zergling x2  
  176  8:16  Zergling x6  
  180  8:20  Zerg Ground Armor Level 2  
  180  8:23  Baneling x2  
  180  8:29  Zergling x16  
  188  8:38  Zergling x22  
  197  8:49  Zergling x6  
  197  8:54  Zergling x2  
  197  8:55  Zergling x2  
  192  9:02  Baneling x8, Zergling x2  
  193  9:03  Zergling x14  
  193  9:06  Zergling x6  
  198  9:11  Baneling x4  
  194  9:23  Zergling x14  
  194  9:24  Zergling x8  
  189  9:28  Zergling x10  
  187  9:35  Ultralisk Cavern  
  187  9:36  Zergling x2  
  187  9:37  Zergling x18  
  196  9:40  Overlord  
  196  9:41  Drone x2  
  196  9:43  Baneling x10  
  198  9:55  Drone x2  
  200  10:02  Spore Crawler x2  
  200  10:04  Baneling x6  
  200  10:05  Hatchery, Zergling x16  
  200  10:14  Zerg Melee Weapons Level 2  
  200  10:17  Burrow  
  200  10:20  Hatchery  
  199  10:21  Chitinous Plating  
  199  10:33  Drone x2  
  199  10:35  Baneling x5  
  184  10:44  Zergling x16  
  184  10:45  Zergling x20  
  182  10:52  Baneling x10  
  182  10:53  Zergling x6  
  180  11:00  Zerg Ground Armor Level 3  
  180  11:02  Ultralisk  
  180  11:03  Drone  
  180  11:04  Drone  
  182  11:08  Drone x4  
  182  11:10  Drone x2  
  171  11:17  Ultralisk  
  173  11:22  Ravager x7  
  179  11:32  Ultralisk, Zergling x6  
  188  11:37  Baneling x7  
  188  11:40  Anabolic Synthesis  
  188  11:44  Hatchery  
  188  11:45  Zergling x22  
  197  11:47  Baneling  
  190  11:55  Zergling x22  
  190  11:58  Zergling x2  
  190  11:59  Zergling x10  
  190  12:03  Zergling x10  
  190  12:13  Baneling x9  
  190  12:14  Baneling x2  
  190  12:15  Zergling x20  
  192  12:25  Zergling x18  
  192  12:28  Baneling x6  
  192  12:40  Zergling x40  
  190  12:50  Ultralisk x2, Zergling x2  
  190  12:51  Zergling x4  
  172  12:54  Zergling x6  
  172  12:57  Baneling x8  
  173  13:04  Zergling x8  
  173  13:05  Zergling x2  
  166  13:12  Zergling x20  
  173  13:17  Baneling x7  
Tags
 
Add a new tag
Caveats
  • Supply blocks, unpowered buildings, or Contaminate may cause inaccurate times.
  • Supply counts are checked every 10 seconds.